 Dungeon Crawl Stone Soup version 0.13-a0-2484-gc765b08 (webtiles) character file.

767717 JacquesDerrida the Merry Centaur (level 27, 32/226 (229) HPs)
             Began as a Centaur Hunter on July 12, 2013.
             Was the Champion of the Shining One.
             Quit the game in Pandemonium on July 20, 2013.
             The game lasted 10:05:43 (106158 turns).

JacquesDerrida the Merry Centaur (Centaur Hunter) Turns: 106158, Time: 10:05:43

HP  32/226 (229) AC 41     Str 19      XL: 27
MP  16/42        EV  5     Int 27      God: the Shining One [******]
Gold 9166        SH  0     Dex 15      Spells: 13 memorised,  5 levels left

Res.Fire  : + + .   See Invis. : .   b - +9 elf longbow (holy)
Res.Cold  : + . .   Warding    : .   r - +8 fire dragon armour
Life Prot.: + + +   Conserve   : +   (no shield)
Res.Poison: +       Res.Corr.  : +   E - +0 helmet of Springtime {+Blink Dam+3}
Res.Elec. : .       Clarity    : .   B - +2 cloak {rCorr, Cons}
Sust.Abil.: + .     Spirit.Shd : .   x - +2 pair of gloves of Hadjma {Dex+3 Int+3 A Res.Mut. : . Stasis : . p - +4 centaur barding {Fly} Res.Rott. : . Flight : . j - amulet "Aphih" {Cons Hunger+ rPois rC+ Stl Saprovore : . . . P - ring "Qyzomm" {rC+ Str+2 Int+5} D - ring "Soriybuh" {SustAb +Blink MR+ Dam+3}

@: studying Shields, quite poisoned, very slightly contaminated, hasted,
glowing, very quick, extremely resistant to hostile enchantments, extremely
unstealthy
A: hooves 3, deformed body, herbivore 1, speed 2, fast metabolism 1, tough skin
3
a: Divine Shield, Cleansing Flame, Summon Divine Warrior, Renounce Religion,
Evoke Blink, Evoke Flight
}: 7/15 runes: decaying, serpentine, slimy, silver, glowing, magical, fiery


You were in Pandemonium.
You worshipped the Shining One. the Shining One was exalted by your worship.
You were full.

You visited 10 branches of the dungeon, and saw 69 of its levels.
You visited Pandemonium 2 times, and saw 26 of its levels.
You also visited: Labyrinth, Trove, Ice Cave and Wizlab.

You collected 10937 gold pieces.
You spent 1791 gold pieces at shops.

Inventory:

Hand weapons
 b - a +9,+9 elven longbow of holy wrath (weapon)
Missiles
 a - 19 arrows of flame
 c - 241 arrows (quivered)
 u - 13 arrows of dispersal
 A - 24 arrows of frost
Armour
 d - the +2 cloak of Sauplar {rF+ rN+}
   (Okawaru gifted it to you on level 16 of the Dungeon)

   It protects you from fire.
   It protects you from negative energy.
 n - a +2 helmet of intelligence
 p - a +4 centaur barding of flying (worn)
 r - a +8 fire dragon armour (worn)
 x - the +2 pair of gloves of Hadjma (worn) {Dex+3 Int+3 Acc+4}
   (You bought it in a shop on level 11 of the Dungeon)

   It affects your intelligence (+3).
   It affects your dexterity (+3).
   It affects your accuracy (+4).
 B - a +2 cloak of preservation (worn)
 E - the +0 helmet of Springtime (worn) {+Blink Dam+3}
   (You acquired it on level 5 of the Crypt)

   It affects your damage-dealing abilities (+3).
   It lets you blink.
Magical devices
 z - a wand of cold (3)
 C - a wand of hasting (5)
 V - a wand of disintegration (4)
 Y - a wand of digging (12)
Comestibles
 f - 16 bread rations
 J - 5 grapes
Scrolls
 k - 2 scrolls of teleportation
 q - 2 scrolls of identify
 H - 2 scrolls of fear
 R - 2 scrolls of blinking
 X - 3 scrolls of remove curse
Jewellery
 j - the amulet "Aphih" (around neck) {Cons Hunger+ rPois rC+ Stlth--}
   (You found it on level 6 of the Pits of Slime)

   [amulet of conservation]

   It protects you from cold.
   It protects you from poison.
   It greatly speeds your metabolism.
   It makes you much less stealthy.
 o - an uncursed ring of wizardry
 t - an uncursed amulet of conservation
 w - the amulet of Cekugob {Ward -Tele Hunger rElec rPois rN+ AC+1 EV+1}
   (You found it on level 3 of the Elven Halls)

   [amulet of warding]

   It affects your AC (+1).
   It affects your evasion (+1).
   It insulates you from electricity.
   It protects you from poison.
   It protects you from negative energy.
   It prevents most forms of teleportation.
   It speeds your metabolism.
 y - an uncursed ring of protection from fire
 D - the ring "Soriybuh" (left hand) {SustAb +Blink MR+ Dam+3}
   (You found it in Pandemonium)

   [ring of sustain abilities]

   It affects your damage-dealing abilities (+3).
   It affects your resistance to hostile enchantments.
   It lets you blink.
 F - an uncursed amulet of clarity
 G - the amulet "Feupn" {rMut rF+ Str+1 Stlth+}
   (You found it in Pandemonium)

   [amulet of resist mutation]

   It affects your strength (+1).
   It protects you from fire.
   It makes you much more stealthy.
 K - an uncursed ring of teleportation
 O - the amulet "Ituxt" {rMut rN+}
   (You took it off a yaktaur captain on level 5 of the Vaults)

   [amulet of resist mutation]

   It protects you from negative energy.
 P - the ring "Qyzomm" (right hand) {rC+ Str+2 Int+5}
   (You found it on level 1 of the Vaults)

   [ring of protection from cold]

   It affects your strength (+2).
   It affects your intelligence (+5).
Potions
 g - 3 potions of speed
 h - 3 potions of restore abilities
 i - 2 potions of magic
 l - 3 potions of might
 s - a potion of heal wounds
 v - a potion of resistance
 N - 4 potions of brilliance
 U - 11 potions of curing
 W - 4 potions of agility
Books
 e - a book of the Tempests

   Spells                             Type                      Level
   Static Discharge                   Conjuration/Air              3
   Lightning Bolt                     Conjuration/Air              5
   Fireball                           Conjuration/Fire             5
   Tornado                            Air                          9
   Shatter                            Earth                        9
 I - a manual of Shields
Miscellaneous
 m - a phial of floods
 T - a sack of spiders
 Z - a sack of spiders


   Skills:
 - Level 15.1 Fighting
 O Level 27 Bows
 - Level 16.5 Armour
 - Level 1.3 Dodging
 - Level 0.5 Stealth
 - Level 10.3 Shields
 - Level 15.6 Spellcasting
 - Level 11.0 Hexes
 - Level 13.3 Charms
 - Level 12.4 Translocations
 - Level 10.0 Air Magic
 - Level 15.0 Invocations
 + Level 8.4 Evocations


You had 5 spell levels left.
You knew the following spells:

 Your Spells              Type           Power        Failure   Level  Hunger
a - Cause Fear            Hex            ######....   1%          4    None
b - Repel Missiles        Chrm/Air       ######....   1%          2    None
c - Swiftness             Chrm/Air       ######....   1%          2    None
d - Apportation           Tloc           ######....   1%          1    None
e - Silence               Hex/Air        ######....   1%          5    None
f - Control Teleport      Chrm/Tloc      ######....   1%          4    None
g - Controlled Blink      Tloc           N/A          24%         7    #####..
h - Haste                 Chrm           #######.     2%          6    ####...
i - Invisibility          Hex            ######..     10%         6    ####...
j - Blink                 Tloc           N/A          1%          2    None
k - Phase Shift           Tloc           ######....   1%          5    None
l - Deflect Missiles      Chrm/Air       ######....   6%          6    ####...
m - Portal Projectile     Tloc           ######       1%          2    None


Dungeon Overview and Level Annotations

Branches:
Dungeon (27/27)            Temple (1/1) D:7             Orc (4/4) D:7
    Elf (3/3) Orc:4          Lair (8/8) D:8           Swamp (5/5) Lair:5
  Snake (5/5) Lair:6        Slime (6/6) Lair:6       Vaults (5/5) D:20
  Blade (0/1) Vaults:4      Crypt (5/5) Vaults:3       Tomb (0/3) Crypt:2
    Zot: D:27

Altars:
Ashenzari
Cheibriados
Fedhas
Kikubaaqudgha
Makhleb
Nemelex Xobeh
Okawaru
Sif Muna
Trog
Vehumet
Xom
Yredelemnul
Zin
the Shining One
Beogh

Shops:
D:7: ? D:9: ( D:11: (+?[} D:16: ( Orc:1: ( Orc:4: *+![( Elf:1: + Elf:2: % Snake:1: =

Portals:
Hell: D:21 D:22 D:23 D:24 D:26
Abyss: D:21 D:25 D:27
Pandemonium: D:22 D:24

Annotations
Crypt:4 Khufu
Pan Gloorx Vloq


Innate Abilities, Weirdness & Mutations

You have hooves in place of feet.
Armour fits poorly on your strangely shaped body.
You digest meat inefficiently.
You cover ground very quickly.
You have a fast metabolism.
You have extremely tough skin (AC +3).


Message History

You feel uncertain.
* * * LOW HITPOINT WARNING * * *
You feel very sick.
You feel a little better.
Unknown command.
Casting: Blink
Confirm with . or Enter, or press ? or * to list all spells.
You blink.
* * * LOW HITPOINT WARNING * * *
You feel sick.
* * * LOW HITPOINT WARNING * * *
You feel sick.
Your angel is healed somewhat.
Gloorx Vloq gestures at you.
The bolt of negative energy hits your angel.
Your angel completely resists.
The bolt of negative energy hits you! You resist.
* * * LOW HITPOINT WARNING * * *
Unknown command.
Are you sure you want to abandon this character and quit the game? (Confirm with "yes".)

##..#,*,*,#.#,*,*,*,*,*
#...#*,*,#.#,*,*,*,*,*,
#..##,*,#.#.#,*,*,*,*,*
##..#.#,#.#.#.*,*,*,*,*,
#...##.#.#.#.#,*,*,*,*,*
#..##.#.#.#.#.#,*,*,*,*,
#..###.#.#.#.#.#,*,*,*,*
#..'.............,,,,**,
#..'...@........,,,,,*,*
#§.'&A...........,,,,**,
#..###2#.#.#.#.*,*,*,*,*
#..##.#.#.#.#.#,*,*,*,*,
#...##.#2#.#.#,*,*,*,*,*
##..#A#.#.#.#.*,*,*,*,*,
#..##&#.#.#.#,*,*,*,*,*
#...##.#[#.#.#,*,*,*,*,
##..#.#.#.#§#1#,*,*,*,*


You could see Gloorx Vloq, a lorocyproca (invisible) and a friendly angel.

Vanquished Creatures
  Cerebov (Pan)
  the royal jelly (Slime:6)
  Mnoleg (Pan)
  Lom Lobon (Pan)
  An ancient lich (Crypt:5)
  Saint Roka (Orc:4)
  Boris (Vaults:4)
  Sojobo (Crypt:3)
  5 pandemonium lords (Pan)
  Margery (Vaults:5)
  Norris (D:18)
  Mennas (Vaults:2)
  Jory (Crypt:3)
  3 bone dragons
  Frederick (Vaults:5)
  Nikola (D:14)
  3 Brimstone Fiends (Pan)
  A Hell Sentinel (Pan)
  5 liches
  3 Ice Fiends (Pan)
  6 tentacled monstrosities
  5 titans
  A deep elf blademaster (Elf:3)
  5 storm dragons
  2 Shadow Fiends (Pan)
  3 deep elf master archers (Elf:3)
  5 sphinxes
  17 acid blobs
  8 Executioners (Pan)
  Rupert (D:15)
  Agnes (Vaults:2)
  Frances (Crypt:3)
  Kirke (D:17)
  6 ancient champions
  13 tengu reavers
  The ghost of throttle the Sharpshooter, a mighty DjBe of Trog (Elf:3)
  12 shadow dragons
  10 fire giants
  8 deep elf sorcerers
  Donald (Orc:4)
  Wiglaf (D:24)
  2 ghouls (Crypt:3)
  12 frost giants
  5 azure jellies
  Aizul (Vaults:4)
  Louise (Vaults:1)
  13 vault wardens
  A curse skull (Crypt:4)
  An orc warlord (Orc:4)
  An ancient bear (shapeshifter) (Vaults:3)
  14 balrugs (Pan)
  7 reapers
  Jorgrun (Swamp:2)
  7 cacodemons (Pan)
  3 draconian annihilators (Pan)
  3 greater nagas
  2 elemental wellsprings (D:17)
  53 stone giants
  4 eidola
  2 blizzard demons (Pan)
  4 vampire knights
  A dire elephant (shapeshifter) (Vaults:5)
  Azrael (D:18)
  11 purple draconians (WizLab)
  5 deep elf demonologists (Elf:3)
  3 lorocyprocas (Pan)
  11 deep elf annihilators
  A satyr (shapeshifter) (D:21)
  7 green deaths (Pan)
  6 ettins
  7 deep elf death magi
  Snorg (D:18)
  29 vault guards
  5 death oozes (Slime:6)
  A minotaur (Lab)
  A spectral tengu (Crypt:3)
  3 jiangshi
  2 deep elf high priests (Elf:3)
  12 ogre magi
  5 dancing weapons (Crypt:5)
  Fannar (Lair:4)
  7 ravenous feature mimics
  5 ice dragons
  27 yaktaur captains
  Harold (D:13)
  7 great orbs of eyes
  7 ironheart preservers
  An ice dragon (shapeshifter) (D:25)
  Nessos (D:13)
  25 hydras
  2 deep troll earth magi (D:26)
  Erica (D:13)
  An anaconda (shapeshifter) (Vaults:5)
  11 death yaks
  9 anacondas
  6 alligators
  2 plague shamblers
  2 deep dwarf death knights
  2 rakshasas
  5 vampire magi
  A deep troll shaman (D:24)
  2 fire crabs
  19 sun demons (Pan)
  15 naga warriors
  A spectral elf (Elf:3)
  Urug (D:11)
  An orc high priest (Orc:4)
  The ghost of crypto177 the Conjurer, an experienced DEFE of Vehumet (D:10)
  A fire crab (shapeshifter) (Vaults:5)
  16 very ugly things
  Nergalle (Lair:4)
  A storm dragon zombie (Vaults:2)
  4 iron golems (Crypt:5)
  32 centaur warriors
  4 ice devils (Pan)
  A titan skeleton (D:23)
  7 deep elf knights
  10 shadow wraiths
  12 hell knights
  A sea snake (shapeshifter) (D:26)
  13 deep trolls
  15 soul eaters
  A golden dragon zombie (Crypt:5)
  2 storm dragon skeletons
  65 skeletal warriors
  26 large abominations (Pan)
  Erolcha (Orc:4)
  15 unseen horrors
  A shadow demon (Pan)
  10 flayed ghosts
  An anaconda zombie (Crypt:4)
  2 iron trolls
  A ghost moth zombie (Crypt:1)
  5 giant amoebae
  4 swamp dragons
  7 ironbrand convokers
  15 hill giants
  3 hellions (Pan)
  A shadow dragon zombie (Crypt:3)
  A giant orange brain (shapeshifter) (Vaults:5)
  3 crystal golems (Crypt:5)
  20 necromancers
  An anaconda skeleton (Crypt:5)
  A sphinx zombie (D:22)
  Joseph (D:9)
  2 statues (WizLab)
  6 stone giant zombies
  11 harpies
  32 orc knights
  3 fire giant zombies
  5 hell beasts (Pan)
  4 red wasps
  11 cyclopes
  A spiny worm (shapeshifter) (D:26)
  9 wolf spiders
  9 griffons
  A red wasp (shapeshifter) (D:22)
  3 flaming corpses
  2 shining eyes (Slime:6)
  2 frost giant zombies
  12 orc sorcerers
  A sphinx skeleton (D:21)
  6 wizards (Pan)
  A griffon (shapeshifter) (Vaults:5)
  A black mamba (shapeshifter) (D:18)
  3 spiny worms
  A guardian serpent (Snake:5)
  12 phantasmal warriors
  17 sixfirhies (Pan)
  A frost giant skeleton (Vaults:1)
  3 satyr zombies
  20 black mambas
  2 dire elephant zombies (Crypt:3)
  2 fire giant skeletons
  9 vault sentinels
  A guardian serpent (shapeshifter) (D:16)
  18 stone giant skeletons
  An eye of devastation (Slime:6)
  20 orange demons
  10 tormentors (Pan)
  3 feature mimics
  2 elf zombies (Crypt:3)
  22 smoke demons (Pan)
  A red draconian zombie (Crypt:2)
  2 spriggan druids (Lair:8)
  Psyche (D:13)
  A satyr skeleton (Crypt:2)
  13 spiny frogs
  2 dire elephant skeletons
  An elephant slug zombie (Crypt:3)
  2 spectral humans (Crypt:5)
  A yellow draconian zombie (Crypt:2)
  57 yaktaurs
  2 guardian mummies
  26 hellwings
  23 naga magi
  A vapour (D:22)
  7 efreet (Pan)
  A redback zombie (Crypt:5)
  An ancient bear skeleton (Crypt:2)
  3 ancient bear zombies
  5 iron devils (Pan)
  3 iron troll zombies
  A harpy zombie (Crypt:2)
  A hydra zombie (D:16)
  5 giant leeches
  18 red devils (Pan)
  6 iron troll skeletons
  A komodo dragon (shapeshifter) (Elf:2)
  A grey draconian skeleton (Crypt:3)
  An anaconda simulacrum (Crypt:2)
  89 slime creatures
  20 two-headed ogres
  A black draconian skeleton (Crypt:4)
  20 polar bears
  A giant leech (shapeshifter) (D:25)
  2 silent spectres
  4 blue devils
  13 trolls
  6 komodo dragons
  7 spriggans (Lair:8)
  2 fire drakes
  Sonja (D:11)
  A baby alligator (shapeshifter) (Vaults:5)
  A hydra skeleton (D:17)
  14 blink frogs
  5 brown oozes
  A fire vortex (Pan)
  A raven (shapeshifter) (Vaults:1)
  6 boulder beetles
  A minotaur skeleton (Crypt:4)
  2 dragon zombies
  A jumping spider (shapeshifter) (Vaults:1)
  A red wasp zombie (Crypt:3)
  An ettin zombie (D:17)
  2 air elementals
  A brown ooze (shapeshifter) (Vaults:5)
  An ice dragon zombie (Crypt:1)
  2 bog bodies
  7 grizzly bears
  A stone giant simulacrum (Vaults:3)
  4 ettin skeletons
  A frost giant simulacrum (D:22)
  A spiny worm zombie (Crypt:3)
  24 ynoxinuls
  2 trapdoor spiders
  34 flying skulls (Crypt:5)
  A giant firefly (Lair:8)
  23 water elementals
  A blink frog (shapeshifter) (Vaults:5)
  A redback (shapeshifter) (D:26)
  2 ice dragon skeletons
  A griffon skeleton (Crypt:1)
  A wyvern (shapeshifter) (Vaults:3)
  8 chaos spawn
  7 basilisks
  5 wyverns
  13 wraiths
  3 golden eyes (Slime:6)
  An octopode (shapeshifter) (Vaults:5)
  10 redbacks
  47 vampire mosquitoes
  145 ugly things
  A black mamba skeleton (Crypt:2)
  2 hogs (shapeshifter)
  3 hogs (D:17)
  2 giant firefly zombies (Crypt:4)
  3 fire elementals
  2 sharks (D:17)
  8 vampires
  80 yaks
  Grum (Orc:4)
  A hill giant zombie (D:9)
  30 deep elf fighters
  13 hippogriffs
  12 deep elf summoners
  A merfolk (shapeshifter) (Vaults:5)
  4 hungry ghosts
  A wind drake skeleton (Crypt:5)
  5 hill giant skeletons
  3 rock worms
  6 necrophages
  2 dryad zombies
  6 shadows
  7 deep elf conjurers
  The ghost of Poody the Cudgeler, an average DjFi of Trog (D:4)
  A draconian zombie (Crypt:3)
  3 deep dwarf zombies (Crypt:3)
  3 human zombies
  A soldier ant (shapeshifter) (D:15)
  Menkaure (D:5)
  A spiny frog zombie (Crypt:4)
  18 neqoxecs (Pan)
  A gargoyle (D:19)
  5 manticores (Lair:6)
  A snapping turtle zombie (Crypt:4)
  17 swamp worms
  A mottled dragon (Vaults:2)
  A soldier ant (D:16)
  2 dryad skeletons
  3 deep troll zombies
  16 swamp drakes
  56 wolves
  78 orc warriors
  A spiny frog skeleton (Crypt:1)
  79 nagas
  4 deep troll skeletons
  19 freezing wraiths
  4 hell hounds
  2 sky beasts
  3 ice beasts
  3 giant goldfish
  6 black bears
  7 porcupines
  10 deep elf priests
  3 phantoms
  24 centaurs
  28 deep elf magi
  An ettin simulacrum (Crypt:4)
  65 ogres
  A spiny worm simulacrum (Crypt:2)
  3 boring beetles
  An elf (shapeshifter) (D:26)
  A wind drake simulacrum (Crypt:1)
  7 lost souls
  4 big kobolds
  A boring beetle (shapeshifter) (D:16)
  20 crocodiles
  A fire crab zombie (Crypt:2)
  8 rotting devils
  7 wargs
  19 giant frogs
  30 water moccasins
  2 brain worms (D:17)
  A giant slug (shapeshifter) (Vaults:5)
  12 giant slugs
  2 yaktaur zombies
  5 agate snails
  An earth elemental (D:12)
  A glowing shapeshifter simulacrum (Vaults:1)
  2 cyclops zombies
  A gnoll sergeant (D:8)
  5 yaktaur skeletons
  12 insubstantial wisps
  An agate snail simulacrum (Crypt:4)
  A cyclops skeleton (D:12)
  14 killer bees
  A troll zombie (D:24)
  A yak zombie (D:18)
  A grizzly bear zombie (Crypt:2)
  4 eyes of draining
  4 boulder beetle zombies
  A hippogriff zombie (Crypt:3)
  8 jellyfish
  10 wights
  A yak skeleton (D:11)
  A grizzly bear skeleton (Crypt:5)
  A troll skeleton (D:15)
  A boring beetle zombie (Crypt:3)
  7 crimson imps
  18 electric eels
  4 goliath beetles
  A yaktaur simulacrum (D:16)
  2 giant frog zombies
  A giant slug simulacrum (D:17)
  A soldier ant zombie (Crypt:3)
  A gnoll shaman (D:6)
  A black bear zombie (D:6)
  13 hounds
  2 iron imps
  30 orc priests
  36 orc wizards
  19 removed MONS_DEEP_ELF_SOLDIERs
  2 quasits
  4 big fish
  5 iguanas
  3 scorpions
  10 worker ants
  A killer bee zombie (D:9)
  A big kobold zombie (Crypt:1)
  A brain worm zombie (Crypt:2)
  A mottled dragon zombie (Crypt:2)
  9 sheep
  An ogre zombie (D:9)
  A gnome skeleton (Crypt:3)
  A big kobold skeleton (D:14)
  17 jellies
  12 boggarts
  2 crocodile skeletons
  A boring beetle simulacrum (Vaults:1)
  15 mummies
  9 gnolls
  A lemure (Pan)
  33 green rats
  48 adders
  7 giant centipedes
  18 humans (D:20)
  2 shadow imps (Pan)
  A human skeleton (Crypt:1)
  4 white imps
  7 worms
  26 ufetubi
  A giant centipede zombie (D:15)
  2 adder skeletons
  A human simulacrum (D:9)
  4 giant eyeballs
  10 giant geckos
  178 orcs
  3 ball pythons
  4 giant cockroaches
  22 hobgoblins
  18 jackals
  25 kobolds
  9 oozes
  10 quokkas
  19 bats
  3 giant newts
  3 giant spores
  14 goblins
  3 hobgoblin skeletons
  6 illusory rakshasas
  2 kobold skeletons
  A kobold zombie (Crypt:3)
  A lava orc zombie (Crypt:2)
  7 orc zombies
  19 rats
  A rat skeleton (D:4)
  A rat zombie (D:6)
  6 ballistomycetes
  A fungus (D:8)
  A plant (D:17)
3479 creatures vanquished.

Vanquished Creatures (collateral kills)
  A tengu reaver (Crypt:3)
  A ghoul (Crypt:3)
  A cacodemon (Pan)
  A hill giant (Pan)
  2 large abominations (Pan)
  A ynoxinul (Pan)
  A giant eyeball (Pan)
8 creatures vanquished.

Vanquished Creatures (others)
  A daeva (Pan)
  A cacodemon (Pan)
  A frost giant (D:25)
  4 angels (Pan)
  An ogre mage (Vaults:4)
  A sun demon (Pan)
  A ball lightning (Pan)
  A black mamba (Snake:3)
  A yaktaur (D:24)
  5 fire vortices (Pan)
  4 slime creatures (Vaults:1)
  An ettin skeleton (D:24)
  A ynoxinul (Pan)
  A deep elf fighter (Vaults:1)
  A dryad skeleton (Crypt:3)
  A naga (Snake:3)
  3 orc warriors
  4 lost souls
  A giant frog (D:10)
  2 ogres
  An adder (Snake:3)
  An ufetubus (Elf:3)
  6 orcs
  A human (D:17)
  A quokka (Lair:5)
  A fungus (D:10)
  10 plants
57 creatures vanquished.

Grand Total: 3544 creatures vanquished

Notes
Turn   | Place    | Note
--------------------------------------------------------------
     0 | D:1      | JacquesDerrida, the Centaur Hunter, began the quest for the Orb.
     0 | D:1      | Reached XP level 1. HP: 17/17 MP: 0/0
   342 | D:1      | Upgraded the game from 0.13-a0-2355-g3ca5c6e to 0.13-a0-2368-g1f063cc
   344 | D:1      | Reached XP level 2. HP: 16/24 MP: 1/1
   354 | D:1      | Reached skill level 6 in Bows
  1138 | D:2      | Reached XP level 3. HP: 29/29 MP: 2/2
  1334 | D:2      | Reached skill level 7 in Bows
  1846 | D:2      | Reached XP level 4. HP: 21/36 MP: 2/2
  2101 | D:3      | Reached skill level 8 in Bows
  2426 | D:4      | Reached XP level 5. HP: 38/41 MP: 3/3
  2770 | D:4      | Found a glowing golden altar of the Shining One.
  2825 | D:4      | Reached skill level 9 in Bows
  3149 | D:4      | Reached XP level 6. HP: 48/48 MP: 4/4
  3323 | D:4      | Noticed Poody's ghost (average DjFi)
  3353 | D:5      | Entered Level 5 of the Dungeon
  3497 | D:5      | Reached skill level 10 in Bows
  3757 | D:5      | Noticed Menkaure
  3760 | D:5      | Killed Menkaure
  3894 | D:5      | Reached skill level 11 in Bows
  3894 | D:5      | Reached XP level 7. HP: 46/53 MP: 4/4
  4172 | D:5      | Paralysed by a giant eyeball for 2 turns
  4679 | D:6      | Reached skill level 12 in Bows
  5062 | D:6      | Reached XP level 8. HP: 41/61 MP: 5/5
  5096 | D:6      | Reached skill level 13 in Bows
  5488 | D:4      | Killed Poody's ghost
  5738 | D:7      | Reached skill level 14 in Bows
  5797 | D:7      | Noticed a troll
  5804 | D:7      | Killed a troll
  6097 | D:6      | Reached skill level 15 in Bows
  6260 | D:7      | Found a staircase to the Ecumenical Temple.
  6268 | Temple   | Entered the Ecumenical Temple
  6307 | Temple   | Became a worshipper of Warmaster Okawaru
  6387 | D:7      | Noticed a two-headed ogre
  6409 | D:7      | Killed a two-headed ogre
  6409 | D:7      | Reached XP level 9. HP: 17/67 MP: 6/6
  6706 | D:7      | Found a snail-covered altar of Cheibriados.
  6721 | D:7      | Found Qutokasm's Magic Scroll Shop.
  6746 | D:7      | Bought a scroll of enchant weapon II for 71 gold pieces
  6746 | D:7      | Bought a scroll of identify for 26 gold pieces
  6888 | D:7      | Reached skill level 16 in Bows
  6920 | D:7      | Acquired Okawaru's first power
  7267 | D:7      | Reached skill level 17 in Bows
  7333 | D:7      | Found a staircase to the Orcish Mines.
  7872 | D:8      | Reached XP level 10. HP: 67/73 MP: 6/6
  7973 | D:8      | Found a staircase to the Lair.
  7980 | D:8      | Found a deep blue altar of Sif Muna.
  8035 | D:8      | Reached skill level 18 in Bows
  8170 | D:8      | Paralysed by a giant eyeball for 4 turns
  8178 | D:8      | Paralysed by a giant eyeball for 3 turns
  8232 | D:8      | Paralysed by a giant eyeball for 2 turns
  8886 | Lair:1   | Entered Level 1 of the Lair of Beasts
  8927 | Lair:1   | Gained mutation: You have supernaturally acute eyesight. [potion of mutation]
  8927 | Lair:1   | Gained mutation: You are dopey (Int -1). [potion of mutation]
  8927 | Lair:1   | Gained mutation: You have a very fast metabolism. [potion of mutation]
  9402 | Lair:1   | Received a gift from Okawaru
  9669 | Lair:1   | Identified a +1 rod of demonology (9/9) (You found it on level 1 of the Lair of Beasts)
  9889 | Lair:1   | Reached skill level 19 in Bows
 10475 | Lair:2   | Reached skill level 1 in Spellcasting
 10755 | Lair:2   | Reached XP level 11. HP: 79/79 MP: 16/16
 10766 | Lair:2   | Acquired Okawaru's second power
 11604 | Lair:3   | Reached skill level 5 in Spellcasting
 11608 | Lair:3   | Received a gift from Okawaru
 11885 | Lair:3   | Received a gift from Okawaru
 12275 | Lair:4   | Received a gift from Okawaru
 12395 | Lair:4   | Noticed Nergalle
 12396 | Lair:4   | Noticed a spectral orc warlord
 12811 | Lair:4   | Noticed Fannar
 12822 | Lair:4   | Killed Fannar
 12822 | Lair:4   | Reached skill level 20 in Bows
 12825 | Lair:4   | Received a gift from Okawaru
 12949 | Lair:4   | Gained mutation: Your muscles are flexible, but weak (Str -1, Dex +1). [potion of beneficial mutation]
 13256 | Lair:4   | Killed Nergalle
 13256 | Lair:4   | Received a gift from Okawaru
 13733 | Lair:4   | Reached skill level 21 in Bows
 13900 | Lair:3   | Reached XP level 12. HP: 85/85 MP: 22/22
 14143 | Lair:5   | Noticed a five-headed hydra
 14154 | Lair:5   | Killed a five-headed hydra
 14154 | Lair:5   | Received a gift from Okawaru
 14168 | Lair:5   | Found a staircase to the Swamp.
 14403 | Lair:5   | Received a gift from Okawaru
 14962 | Lair:6   | Found a staircase to the Slime Pits.
 15015 | Lair:6   | Reached skill level 22 in Bows
 15088 | Lair:6   | Found a snail-covered altar of Cheibriados.
 15185 | Lair:6   | Found a staircase to the Snake Pit.
 15717 | Lair:6   | Noticed a five-headed hydra
 15758 | Lair:6   | Killed a five-headed hydra
 15868 | Lair:6   | Reached skill level 23 in Bows
 16290 | Lair:7   | Received a gift from Okawaru
 16487 | Lair:7   | Reached XP level 13. HP: 91/91 MP: 23/23
 16634 | Lair:7   | Received a gift from Okawaru
 16653 | Lair:7   | Reached skill level 24 in Bows
 16785 | Lair:7   | Noticed a five-headed hydra
 16790 | Lair:7   | Killed a five-headed hydra
 16797 | Lair:7   | Noticed an eight-headed hydra
 16804 | Lair:7   | Killed an eight-headed hydra
 16831 | Lair:7   | Noticed a six-headed hydra
 16839 | Lair:7   | Killed a six-headed hydra
 17067 | Lair:8   | Entered Level 8 of the Lair of Beasts
 17074 | Lair:8   | Received a gift from Okawaru
 17328 | Lair:8   | Received a gift from Okawaru
 17387 | Lair:8   | Reached skill level 5 in Fighting
 17799 | Lair:8   | Reached skill level 1 in Armour
 17838 | Lair:8   | JacquesDerrida: Старая добрая рутина!
 17840 | Lair:8   | stonewall: Кстати, в курсе, что можно стрелять через [f][.]?
 17846 | Lair:8   | stonewall: Похоже я один об этом не знал
 17849 | Lair:8   | JacquesDerrida: Но зачем?
 17849 | Lair:8   | JacquesDerrida: Не проще два раза ф нажать:
 17849 | Lair:8   | JacquesDerrida: ?
 17881 | Lair:8   | stonewall: Так стрела не улетает дальше клетки
 17882 | Lair:8   | stonewall: Например в воду
 17910 | Lair:8   | JacquesDerrida: Теперь ее можно ииспользовать
 17910 | Lair:8   | JacquesDerrida: Но осторожно
 18026 | Lair:8   | Received a gift from Okawaru
 18031 | Lair:8   | Got a pearl-encrusted troll leather armour {god gift}
 18032 | Lair:8   | Identified the +0 troll leather armour "Ryezxy" {rF+} (Okawaru gifted it to you on level 8 of the Lair of Beasts)
 18033 | Lair:8   | JacquesDerrida: Вау
 18033 | Lair:8   | JacquesDerrida: Самое то, чтобы добить метаболизм до лайтнинг фаст
 18231 | Lair:8   | Reached skill level 5 in Armour
 18660 | D:9      | Reached XP level 14. HP: 107/107 MP: 24/24
 18686 | D:9      | Found Ugiu's Weapon Emporium.
 18696 | D:9      | Bought 9 arrows for 27 gold pieces
 18901 | D:9      | Noticed Joseph
 18905 | D:9      | Killed Joseph
 19266 | D:10     | Entered Level 10 of the Dungeon
 19417 | D:10     | Noticed crypto177's ghost (experienced DEFE)
 19752 | D:10     | Found a staircase to the Lair.
 20008 | D:10     | Killed crypto177's ghost
 20357 | D:10     | the staircase to the Lair was a mimic.
 20583 | D:11     | Found Qexuer's Book Shop.
 20598 | D:11     | Noticed Urug
 20606 | D:11     | Killed Urug
 20686 | D:11     | Found Strodookh's Weapon Shoppe.
 20824 | D:11     | Found Mnaomman's Magic Scroll Boutique.
 20845 | D:11     | Bought a scroll of enchant weapon I for 60 gold pieces
 20845 | D:11     | Bought a scroll of enchant weapon III for 220 gold pieces
 20845 | D:11     | Bought a scroll of magic mapping for 38 gold pieces
 20845 | D:11     | Bought a scroll of magic mapping for 38 gold pieces
 20929 | D:11     | Found Doipteom's Antique Armour Boutique.
 20933 | D:11     | Noticed Sonja
 20939 | D:11     | Killed Sonja
 20947 | D:11     | Bought a pair of faintly glowing gloves for 179 gold pieces
 20947 | D:11     | Bought a fine leather armour for 203 gold pieces
 20947 | D:11     | Bought a brightly glowing ring mail for 261 gold pieces
 20995 | D:11     | Found Wutarom's Gadget Shop.
 21131 | D:11     | Identified the cursed +2 pair of gloves of Hadjma {Dex+3 Int+3 Acc+4} (You bought it in a shop on level 11 of the Dungeon)
 21142 | D:11     | Identified the +5 ring mail of the Eternal Fruit {Dam+4 SInv} (You bought it in a shop on level 11 of the Dungeon)
 21153 | D:11     | Identified the cursed -5 leather armour of Charity {Str+2 Int-1} (You bought it in a shop on level 11 of the Dungeon)
 21981 | D:12     | Received a gift from Okawaru
 21984 | D:12     | Got a pitted plate armour {god gift}
 22169 | D:12     | Identified the +2 plate armour "Kiaclaimyu" {Dex-4 Int-1 Dam+3} (Okawaru gifted it to you on level 12 of the Dungeon)
 22666 | Lair:1   | Lost mutation: Your muscles are flexible, but weak (Str -1, Dex +1). [potion of cure mutation]
 22666 | Lair:1   | Lost mutation: You have a very fast metabolism. [potion of cure mutation]
 22666 | Lair:1   | Lost mutation: You are dopey (Int -1). [potion of cure mutation]
 22666 | Lair:1   | Lost mutation: You have supernaturally acute eyesight. [potion of cure mutation]
 22689 | Lair:1   | Learned a level 4 spell: Cause Fear
 22833 | D:13     | Noticed Harold
 22848 | D:13     | Killed Harold
 22860 | D:13     | Reached skill level 1 in Hexes
 22928 | D:13     | Noticed Nessos
 22938 | D:13     | Killed Nessos
 22973 | D:13     | Noticed Erica
 22979 | D:13     | Killed Erica
 23487 | D:13     | Paralysed by a deep elf mage for 2 turns
 23617 | D:13     | Found a deep blue altar of Sif Muna.
 23662 | D:13     | Noticed a deep elf sorcerer
 23667 | D:13     | Killed a deep elf sorcerer
 23973 | D:13     | Identified the Handbook of Weightlessness
 23975 | D:13     | Identified the Incunabulum of Helpful Evil Rituals
 23979 | D:13     | Learned a level 2 spell: Repel Missiles
 23992 | D:13     | Identified the Volume of Scorching Earth
 24023 | D:13     | Noticed Psyche
 24046 | D:13     | Killed Psyche
 24245 | Lair:1   | Learned a level 2 spell: Swiftness
 24249 | Lair:1   | Learned a level 3 spell: Inner Flame
 24317 | Orc:1    | Entered Level 1 of the Orcish Mines
 24330 | Orc:1    | Found Ubashrequu's Weapon Emporium.
 24765 | Orc:2    | Reached skill level 1 in Charms
 25468 | Orc:4    | Entered Level 4 of the Orcish Mines
 25494 | Orc:4    | Found Kiwicuaclir's Assorted Antiques.
 25537 | Orc:4    | Found a frozen archway.
 25556 | Orc:4    | Noticed Grum
 25582 | Orc:4    | Killed Grum
 25610 | IceCv    | Entered an ice cave
 25688 | IceCv    | Reached skill level 5 in Hexes
 25816 | IceCv    | Gained mutation: Your flesh is heat resistant. [potion of beneficial mutation]
 25853 | IceCv    | Noticed a frost giant
 25902 | IceCv    | Killed a frost giant
 25902 | IceCv    | Reached XP level 15. HP: 28/114 MP: 23/25
 26647 | Orc:4    | Found a roughly hewn altar of Beogh.
 26661 | Orc:4    | Found Cococ's Book Shoppe.
 26767 | Orc:4    | Noticed Erolcha
 26777 | Orc:4    | Killed Erolcha
 26817 | Orc:4    | Found a staircase to the Elven Halls.
 26829 | Orc:4    | Received a gift from Okawaru
 26836 | Orc:4    | Noticed Saint Roka
 26903 | Orc:4    | Noticed Donald
 26917 | Orc:4    | Killed Donald
 26981 | Orc:4    | Found a roughly hewn altar of Beogh.
 26981 | Orc:4    | Found Cais' Antique Weapon Boutique.
 27003 | Orc:4    | Found Qaiwaim's Antique Armour Shop.
 27063 | Orc:4    | Killed Saint Roka
 27063 | Orc:4    | Reached skill level 5 in Charms
 27140 | Orc:4    | Bought an embroidered cloak for 26 gold pieces
 27147 | Orc:4    | Bought a transparent bow for 153 gold pieces
 27149 | Orc:4    | Identified the bow of Forced Transition {velocity, +Fly rF+ Dex-4} (You bought it in a shop on level 4 of the Orcish Mines)
 27159 | Orc:4    | Identified a +0 cloak of preservation (You bought it in a shop on level 4 of the Orcish Mines)
 27436 | Orc:4    | Found a roughly hewn altar of Beogh.
 27530 | Orc:4    | Noticed an orc warlord
 27541 | Orc:4    | Killed an orc warlord
 27624 | Orc:4    | Paralysed by an orc sorcerer for 7 turns
 27707 | Orc:4    | Found Mimipi's Distillery.
 27707 | Orc:4    | Found a roughly hewn altar of Beogh.
 27754 | Orc:4    | Bought a potion of resistance for 91 gold pieces
 27754 | Orc:4    | Bought a potion of agility for 32 gold pieces
 27888 | Elf:1    | Entered Level 1 of the Elven Halls
 27947 | Elf:1    | Found Woruuc's Book Shop.
 28076 | Elf:1    | Received a gift from Okawaru
 28118 | Elf:1    | Got a faintly glowing scale mail
 28120 | Elf:1    | stonewall: Чот кравл надоел, мочи нет
 28122 | Elf:1    | JacquesDerrida: Дык, не играй в него так долго
 28122 | Elf:1    | stonewall: Ок!
 28122 | Elf:1    | JacquesDerrida: Нормально часок в это дерьмо поиграть
 28122 | Elf:1    | JacquesDerrida: Разнообразие деятельности
 28122 | Elf:1    | JacquesDerrida: Вот ключ к счастию!
 28135 | Elf:1    | Identified the +6 scale mail of the Guilds {rPois Str-3 SInv} (You found it on level 1 of the Elven Halls)
 28728 | Elf:2    | Received a gift from Okawaru
 28923 | Elf:2    | Found Bras' Food Boutique.
 29100 | Elf:2    | Found a glowing golden altar of the Shining One.
 29699 | Lair:1   | Learned a level 5 spell: Silence
 29917 | Elf:3    | Entered Level 3 of the Elven Halls
 30377 | Elf:3    | Noticed throttle's ghost (mighty DjBe)
 30420 | Elf:3    | Killed throttle's ghost
 30555 | Elf:3    | Received a gift from Okawaru
 30744 | Elf:3    | Received a gift from Okawaru
 30938 | Elf:3    | Reached skill level 10 in Hexes
 30956 | Elf:3    | Received a gift from Okawaru
 31124 | Elf:3    | Received a gift from Okawaru
 31168 | Elf:3    | Reached XP level 16. HP: 117/117 MP: 20/26
 31194 | Elf:3    | Noticed a deep elf master archer
 31214 | Elf:3    | Killed a deep elf master archer
 31214 | Elf:3    | Received a gift from Okawaru
 31228 | Elf:3    | Noticed a deep elf master archer
 31238 | Elf:3    | Killed a deep elf master archer
 31629 | Elf:3    | Got a smoking golden ring
 31663 | Elf:3    | Identified Sif Muna's Papyrus of Calling (You found it on level 3 of the Elven Halls)
 31670 | Elf:3    | Got a warped short sword
 31685 | Elf:3    | Noticed a deep elf master archer
 31750 | Elf:3    | Killed a deep elf master archer
 31750 | Elf:3    | Received a gift from Okawaru
 31773 | Elf:3    | Got a pitted morningstar {god gift}
 31785 | Elf:3    | Identified the morningstar "Plasakh" {god gift, crush, rN+ Dex+3} (Okawaru gifted it to you on level 3 of the Elven Halls)
 31787 | Elf:3    | Identified the cursed short sword of Trog's Benevolence {vamp, +Inv Str+2 Dex-1 SInv} (You found it on level 3 of the Elven Halls)
 31946 | Elf:3    | Noticed a deep elf blademaster
 32370 | Elf:3    | Killed a deep elf blademaster
 32459 | Elf:3    | Received a gift from Okawaru
 32608 | Elf:3    | Got an ichor-stained robe
 32623 | Elf:3    | Learned a level 4 spell: Control Teleport
 32633 | Elf:3    | Identified the Guide on Igneous Attacks (You found it on level 3 of the Elven Halls)
 32641 | Elf:3    | Got a steaming robe
 32645 | Elf:3    | Got a silk robe
 32650 | Elf:3    | Identified a +0 rod of inaccuracy (13/13) (You found it on level 3 of the Elven Halls)
 32666 | Elf:3    | Identified the cursed -4 robe of Indecent Exposure {Str-3 Dex+1 Curse} (You found it on level 3 of the Elven Halls)
 32680 | Elf:3    | Identified the cursed -5 robe "Boimn" {Stlth+} (You found it on level 3 of the Elven Halls)
 32693 | Elf:3    | Identified the +0 robe of the Harvest Moon {+Rage Dam+3} (You found it on level 3 of the Elven Halls)
 32741 | Elf:3    | Identified a scroll of acquirement
 32744 | Elf:3    | Got a fine scale mail
 32759 | Elf:3    | Identified the +6 scale mail of Restlessness {+Inv MR++} (You acquired it on level 3 of the Elven Halls)
 33290 | Lair:1   | Identified the ring of Cyhoykle {Ice Dex-2 Int+3} (You found it on level 3 of the Elven Halls)
 33511 | Lair:1   | Upgraded the game from 0.13-a0-2368-g1f063cc to 0.13-a0-2382-gbc6a47d
 33674 | D:14     | Entered Level 14 of the Dungeon
 33880 | D:14     | Noticed Nikola
 33912 | D:14     | Killed Nikola
 33912 | D:14     | Reached skill level 10 in Armour
 33936 | D:14     | Identified a +0 cloak of preservation (You took it off Nikola on level 14 of the Dungeon)
 34558 | D:15     | Entered Level 15 of the Dungeon
 34643 | D:15     | Noticed Rupert
 34648 | D:15     | Paralysed by Rupert for 5 turns
 34668 | D:15     | Killed Rupert
 34694 | D:15     | Found a labyrinth entrance.
 34711 | Lab      | Entered a labyrinth
 36334 | Lab      | Got a polished ring mail
 36350 | Lab      | Identified the cursed +1 ring mail "Hoqaycwi" {Int+3} (You found it in a labyrinth)
 36377 | Lab      | Learned a level 6 spell: Mass Confusion
 36386 | Lab      | Identified the Compendium of Lucky Beguiling (You found it in a labyrinth)
 37161 | D:15     | Learned a level 3 spell: Spectral Weapon
 37710 | D:16     | Reached skill level 5 in Invocations
 37710 | D:16     | Reached XP level 17. HP: 107/123 MP: 27/30
 37711 | D:16     | Reached XP level 18. HP: 113/131 MP: 27/31
 37712 | D:16     | Reached XP level 19. HP: 118/137 MP: 27/32
 37865 | D:16     | Received a gift from Okawaru
 37924 | D:16     | stonewall: Уже выпил, да?
 37926 | D:16     | JacquesDerrida: Ага...
 37926 | D:16     | stonewall: Был 16-й
 37926 | D:16     | JacquesDerrida: Инвоки до 9 поднял
 37926 | D:16     | JacquesDerrida: Маловато!
 38130 | D:16     | Found Cla Daeb's Weapon Boutique.
 38695 | D:16     | Received a gift from Okawaru
 38993 | D:16     | Reached XP level 20. HP: 140/145 MP: 33/33
 39036 | D:16     | Noticed a titan
 39077 | D:16     | Killed a titan
 39077 | D:16     | Received a gift from Okawaru
 39104 | D:16     | Got an encrusted cloak {god gift}
 39147 | D:16     | Identified the +2 cloak of Sauplar {rF+ rN+} (Okawaru gifted it to you on level 16 of the Dungeon)
 39248 | D:16     | Noticed a storm dragon
 39248 | D:16     | Noticed a bone dragon
 39311 | D:16     | Killed a storm dragon
 39511 | D:16     | Killed a bone dragon
 39702 | D:16     | Got a polished leather armour
 39716 | D:16     | Identified the +0 leather armour of the Griffon {MR+} (You found it on level 16 of the Dungeon)
 39992 | D:13     | Identified Azrael's Compendium of Fire (You found it on level 13 of the Dungeon)
 40005 | D:13     | Identified Azrael's Grimoire of Confrontation and Fire
 40027 | D:13     | Identified Erolcha's Collected Works on Combat Magic
 40042 | D:13     | Identified the Catalogue of Flying Blows and Bruises (You found it on level 13 of the Dungeon)
 40102 | D:13     | Identified a +0 rod of striking (7/7) (You found it on level 13 of the Dungeon)
 40115 | D:13     | Learned a level 6 spell: Invisibility
 40422 | D:11     | Bought a scroll of amnesia for 60 gold pieces
 40433 | D:11     | Learned a level 6 spell: Haste
 40558 | D:17     | Noticed Kirke
 40703 | D:17     | Killed Kirke
 42424 | D:18     | Noticed Azrael
 42435 | D:18     | Killed Azrael
 42586 | D:18     | Noticed Snorg
 42604 | D:18     | Killed Snorg
 42795 | D:18     | Noticed Norris
 42829 | D:18     | Killed Norris
 42829 | D:18     | Reached skill level 10 in Charms
 43417 | D:19     | Received a gift from Okawaru
 43802 | D:19     | Found a blossoming altar of Fedhas.
 44254 | D:20     | Entered Level 20 of the Dungeon
 44254 | D:20     | Found a staircase to the Vaults.
 44921 | D:20     | Received a gift from Okawaru
 45886 | D:21     | Reached skill level 10 in Spellcasting
 45990 | D:21     | Reached XP level 21. HP: 61/151 MP: 33/35
 46501 | D:21     | Found a gateway to Hell.
 47018 | D:21     | Found a one-way gate to the infinite horrors of the Abyss.
 47401 | D:21     | Learned a level 1 spell: Apportation
 47408 | D:21     | Identified Pycliu's Reference Book on the Oath and Contamination
 47578 | D:22     | Found a one-way gate leading to the halls of Pandemonium.
 48159 | D:22     | Received a gift from Okawaru
 48179 | D:22     | Found a portal to a secret trove of treasure.
 48944 | Trove    | Entered a treasure trove
 48983 | Trove    | Got a pitted lapis lazuli ring
 49000 | Trove    | Identified the ring of Psaurun {+/*Tele Str+2 Int+1} (You found it in a treasure trove)
 49572 | D:23     | Received a gift from Okawaru
 49601 | D:23     | Paralysed by an ogre mage for 4 turns
 49656 | D:23     | Got a brightly glowing large shield {god gift}
 49802 | D:22     | Identified the +2 large shield "Tetra" {rC+} (Okawaru gifted it to you on level 23 of the Dungeon)
 50539 | D:23     | Found an iron altar of Okawaru.
 51601 | D:24     | Found a magical portal.
 51606 | WizLab   | Entered a wizard's laboratory
 51659 | WizLab   | Reached skill level 1 in Translocations
 52016 | WizLab   | Identified Iskenderun's Collected Works on Attacks (You found it in a wizard's laboratory)
 52025 | WizLab   | Identified Iskenderun's Reference Book on Confrontation and the Blaze (You found it in a wizard's laboratory)
 52391 | D:24     | Noticed Wiglaf
 52426 | D:24     | Killed Wiglaf
 53480 | D:24     | Received a gift from Okawaru
 53480 | D:24     | Reached skill level 5 in Translocations
 53776 | D:24     | Reached XP level 22. HP: 123/158 MP: 38/38
 54155 | D:25     | Entered Level 25 of the Dungeon
 55151 | D:25     | Got a faintly glowing demon whip
 55175 | D:25     | Identified the demon whip of the Sky {freeze, rPois rF+ MR++} (You found it on level 25 of the Dungeon)
 55311 | D:25     | Received a gift from Okawaru
 55317 | D:25     | Got a bloodstained bow {god gift}
 55318 | D:25     | Identified the bow "Uluplel" {god gift, flame, rC+ Stlth++} (Okawaru gifted it to you on level 25 of the Dungeon)
 55382 | D:25     | Got an ancient hand axe
 55383 | D:25     | Identified the cursed hand axe "Skudupt" {speed, +Inv} (You found it on level 25 of the Dungeon)
 56524 | D:26     | Learned a level 2 spell: Blink
 57096 | D:26     | Got a twitching lead ring
 57187 | D:26     | Identified the Papyrus of Conjuration (You found it on level 26 of the Dungeon)
 57198 | D:26     | Learned a level 5 spell: Phase Shift
 57202 | D:26     | Got a bloodstained leather armour
 57334 | D:26     | Identified the +2 leather armour of Intuition {Int-2} (You found it on level 26 of the Dungeon)
 58949 | D:27     | Entered Level 27 of the Dungeon
 59441 | D:7      | Bought a scroll of identify for 26 gold pieces
 59442 | D:7      | Identified the ring of Levity {rPois MP+9} (You took it off a yaktaur on level 26 of the Dungeon)
 59443 | D:7      | Upgraded the game from 0.13-a0-2382-gbc6a47d to 0.13-a0-2398-gfa67c8a
 59654 | Snake:1  | Entered Level 1 of the Snake Pit
 59709 | Snake:1  | Received a gift from Okawaru
 59712 | Snake:1  | Got a pitted bow {god gift}
 59713 | Snake:1  | Identified the bow of Instinct {god gift, venom, rC++ rN+ MR++} (Okawaru gifted it to you on level 1 of the Snake Pit)
 59879 | Snake:1  | Found Dato's Jewellery Shop.
 60562 | Snake:2  | Found Smyor's Food Emporium.
 60617 | Snake:2  | Smyor's Food Emporium was a mimic.
 60787 | Snake:2  | Learned a level 5 spell: Warp Weapon
 63206 | Snake:5  | Entered Level 5 of the Snake Pit
 63479 | Snake:5  | Received a gift from Okawaru
 63479 | Snake:5  | Reached skill level 10 in Fighting
 63999 | Snake:5  | Got a serpentine rune of Zot
 64612 | Swamp:1  | Entered Level 1 of the Swamp
 65083 | Vaults:1 | Entered Level 1 of the Vaults
 65528 | Vaults:1 | Reached XP level 23. HP: 132/180 MP: 39/39
 65986 | Vaults:1 | Received a gift from Okawaru
 65989 | Vaults:1 | Got a steaming cloak {god gift}
 65995 | Vaults:1 | Identified the +2 cloak of Pliygu {Dex-3} (Okawaru gifted it to you on level 1 of the Vaults)
 66436 | Vaults:1 | Noticed Louise
 66457 | Vaults:1 | Killed Louise
 66533 | Vaults:1 | Gained mutation: You are weak (Str -1). [mutagenic glow]
 66695 | Vaults:1 | Got a glittering copper ring
 66696 | Vaults:1 | Identified the ring "Qyzomm" {rC+ Str+2 Int+5} (You found it on level 1 of the Vaults)
 67753 | Vaults:2 | Noticed Mennas
 67755 | Vaults:2 | Protee: ouch.
 67756 | Vaults:2 | JacquesDerrida: Nah, centaur speed is superior
 67756 | Vaults:2 | JacquesDerrida: He-he
 67787 | Vaults:2 | JacquesDerrida: Too bad I forgot arrows of blink
 67803 | Vaults:2 | Killed Mennas
 68043 | Vaults:2 | Paralysed by you for 5 turns
 68242 | Vaults:2 | Protee: Bonne chance pour la suite
 68558 | Vaults:2 | Noticed Agnes
 68566 | Vaults:2 | Killed Agnes
 69027 | Vaults:3 | Received a gift from Okawaru
 69343 | Vaults:3 | Reached skill level 1 in Shields
 69654 | Vaults:3 | Found a staircase to the Crypt.
 70831 | Vaults:3 | Reached skill level 5 in Shields
 71905 | Vaults:4 | Noticed Aizul
 71924 | Vaults:4 | Killed Aizul
 72115 | Vaults:4 | Found a staircase to the Hall of Blades.
 72331 | Vaults:4 | Noticed Boris
 72350 | Vaults:4 | Killed Boris
 73913 | D:9      | Reached XP level 24. HP: 195/195 MP: 37/40
 73979 | Lair:1   | Learned a level 6 spell: Deflect Missiles
 74410 | Vaults:5 | Entered Level 5 of the Vaults
 74540 | Vaults:5 | Received a gift from Okawaru
 74802 | Vaults:5 | Received a gift from Okawaru
 75465 | Vaults:5 | Reached skill level 10 in Shields
 75480 | Vaults:5 | Noticed Frederick
 76722 | Vaults:5 | Got a silver rune of Zot
 76822 | Vaults:5 | Killed Frederick
 77381 | Vaults:5 | Got a transparent bow
 77382 | Vaults:5 | Identified the bow of the Vine {speed, +Fly} (You found it on level 5 of the Vaults)
 77503 | Vaults:5 | Noticed Margery
 77516 | Vaults:5 | Killed Margery
 77516 | Vaults:5 | Received a gift from Okawaru
 77519 | Vaults:5 | Reached skill level 15 in Armour
 78922 | Vaults:5 | Got a vibrating platinum amulet
 78927 | Vaults:5 | Identified the amulet "Ituxt" {rMut rN+} (You took it off a yaktaur captain on level 5 of the Vaults)
 79083 | Vaults:5 | Received a gift from Okawaru
 79143 | Vaults:5 | Gained mutation: You tend to lose your temper in combat. [mutagenic glow]
 79212 | Vaults:5 | Reached skill level 1 in Air Magic
 79279 | Vaults:5 | Received a gift from Okawaru
 79410 | Vaults:5 | Gained mutation: You possess an exceptional clarity of mind. [mutagenic glow]
 79430 | Vaults:5 | Gained mutation: Your spells are a little harder to cast, but a little more powerful. [mutagenic glow]
 79629 | Vaults:5 | Upgraded the game from 0.13-a0-2398-gfa67c8a to 0.13-a0-2417-g818e1a6
 80333 | Swamp:1  | Reached XP level 25. HP: 201/201 MP: 40/40
 80364 | Swamp:1  | Received a gift from Okawaru
 81325 | Swamp:2  | Noticed Jorgrun
 81334 | Swamp:2  | Killed Jorgrun
 81355 | Swamp:2  | Received a gift from Okawaru
 81359 | Swamp:2  | Got a dull robe {god gift}
 81360 | Swamp:2  | Identified the +2 robe "Phiusex" {Int+3 Acc+1} (Okawaru gifted it to you on level 2 of the Swamp)
 82112 | Swamp:5  | Entered Level 5 of the Swamp
 82320 | Swamp:5  | Got a decaying rune of Zot
 82966 | Slime:1  | Entered Level 1 of the Pits of Slime
 83683 | Slime:4  | Reached skill level 5 in Air Magic
 83920 | Slime:6  | Entered Level 6 of the Pits of Slime
 84233 | Slime:6  | Gained mutation: Space occasionally distorts in your vicinity. [a shining eye]
 84254 | Slime:6  | Paralysed by a great orb of eyes for 5 turns
 84543 | Lair:1   | Lost mutation: You are weak (Str -1). [potion of cure mutation]
 84543 | Lair:1   | Lost mutation: You tend to lose your temper in combat. [potion of cure mutation]
 84543 | Lair:1   | Lost mutation: Your flesh is heat resistant. [potion of cure mutation]
 84543 | Lair:1   | Lost mutation: You possess an exceptional clarity of mind. [potion of cure mutation]
 84544 | Lair:1   | Lost mutation: Your spells are a little harder to cast, but a little more powerful. [potion of cure mutation]
 84544 | Lair:1   | Lost mutation: Space occasionally distorts in your vicinity. [potion of cure mutation]
 85185 | Snake:1  | Bought an uncursed amulet of clarity for 280 gold pieces
 85485 | Slime:6  | Noticed the royal jelly
 85496 | Slime:6  | Killed the royal jelly
 85575 | Slime:5  | Gained mutation: You tend to lose your temper in combat. [mutagenic glow]
 86063 | Slime:6  | Identified the Guide on Harmful Heat (You found it on level 6 of the Pits of Slime)
 86102 | Slime:6  | Got a slimy rune of Zot
 86132 | Slime:6  | Got a smoking iron ring
 86133 | Slime:6  | Identified the ring "Smiypnel" {Fire Stlth} (You found it on level 6 of the Pits of Slime)
 86173 | Slime:6  | Got a heavily runed jade amulet
 86174 | Slime:6  | Identified the amulet "Aphih" {Cons Hunger+ rPois rC+ Stlth--} (You found it on level 6 of the Pits of Slime)
 86557 | D:4      | Fell from the grace of Okawaru
 86557 | D:4      | Became a worshipper of the Shining One
 87017 | Crypt:1  | Entered Level 1 of the Crypt
 87097 | Crypt:1  | Reached skill level 25 in Bows
 88486 | Crypt:1  | Acquired the Shining One's first power
 89081 | Crypt:2  | Acquired the Shining One's second power
 89308 | Crypt:2  | Reached skill level 26 in Bows
 89577 | Crypt:2  | Found a staircase to the Tomb.
 90086 | Crypt:2  | Acquired the Shining One's third power
 90618 | Crypt:3  | Noticed Frances
 90745 | Crypt:3  | Killed Frances
 90745 | Crypt:3  | Reached skill level 27 in Bows
 91222 | Crypt:3  | Reached XP level 26. HP: 214/214 MP: 41/41
 91436 | Crypt:3  | Acquired the Shining One's fourth power
 91604 | Crypt:3  | Identified the Catalogue of Dark Rites
 91639 | Crypt:3  | Noticed Sojobo
 91686 | Crypt:3  | Killed Sojobo
 91974 | Crypt:3  | smajdalf: hello
 91983 | Crypt:3  | JacquesDerrida: Hey D:
 91985 | Crypt:3  | Noticed Jory
 91996 | Crypt:3  | smajdalf: do you wanna know how my pandemonium ended?
 91997 | Crypt:3  | JacquesDerrida: With cerebov's storm
 91997 | Crypt:3  | JacquesDerrida: That's for sure
 91997 | Crypt:3  | JacquesDerrida: He-he
 92000 | Crypt:3  | smajdalf: actually yes
 92002 | Crypt:3  | smajdalf: but I had other 4 runes
 92003 | Crypt:3  | smajdalf: so I'm happy how it went
 92003 | Crypt:3  | JacquesDerrida: Next time you'll get him
 92003 | Crypt:3  | JacquesDerrida: Now you must
 92003 | Crypt:3  | smajdalf: http://crawl.lantea.net/crawl/morgue/smajdalf/morgue-smajdalf-20130716-200942.txt
 92003 | Crypt:3  | JacquesDerrida: Everyone does
 92003 | Crypt:3  | JacquesDerrida: D:
 92012 | Crypt:3  | smajdalf: he had like 1/10hp ... but ball betrayed me and suck my mana :D
 92018 | Crypt:3  | JacquesDerrida: Bad idea to use it near the most powerful enemy
 92022 | Crypt:3  | smajdalf: you know... it was just ball or die anyway because I wouldnt have mana
 92029 | Crypt:3  | Killed Jory
 92029 | Crypt:3  | Reached skill level 10 in Invocations
 92030 | Crypt:3  | JacquesDerrida: There was control teleport
 92030 | Crypt:3  | JacquesDerrida: You should've cast ctele
 92030 | Crypt:3  | JacquesDerrida: That's important when dealing with him
 92487 | Crypt:4  | JacquesDerrida: I'll be going there myself soon
 92583 | Crypt:4  | JacquesDerrida: he-he
 93157 | Crypt:4  | JacquesDerrida: Oh
 93157 | Crypt:4  | JacquesDerrida: That's a vault with vitality ring
 93340 | Crypt:4  | JacquesDerrida: Or just some fixedart
 93347 | Crypt:4  | Noticed Khufu
 93563 | Crypt:5  | Entered Level 5 of the Crypt
 94210 | Crypt:5  | JacquesDerrida: Jelly died unexpectedly fast
 94210 | Crypt:5  | JacquesDerrida: With 7-9 arrows
 94504 | Crypt:5  | Got a fine helmet
 94508 | Crypt:5  | Identified the +0 helmet of Springtime {+Blink Dam+3} (You acquired it on level 5 of the Crypt)
 94534 | Crypt:5  | Reached skill level 15 in Invocations
 94778 | Crypt:5  | Found an ancient bone altar of Kikubaaqudgha.
 94778 | Crypt:5  | Noticed an ancient lich
 94800 | Crypt:5  | Killed an ancient lich
 95007 | Crypt:5  | Reached skill level 15 in Fighting
 95874 | D:4      | Identified a +8,+9 elven longbow of holy wrath (a +8,+9 elven longbow of velocity blessed by the Shining One)
 96520 | D:26     | Learned a level 2 spell: Portal Projectile
 96647 | Pan      | Entered Pandemonium
 96789 | Pan      | Noticed Tinaxken the pandemonium lord
 96852 | Pan      | Killed Tinaxken the pandemonium lord
 97224 | Pan      | Found an exit through the horrors of the Abyss.
 97443 | Pan      | Noticed Ucuab the pandemonium lord
 97456 | Pan      | Killed Ucuab the pandemonium lord
 97456 | Pan      | Reached XP level 27. HP: 227/227 MP: 30/41
 97578 | Pan      | Noticed Rawn the pandemonium lord
 97579 | Pan      | Upgraded the game from 0.13-a0-2417-g818e1a6 to 0.13-a0-2450-ga447c6a
 97606 | Pan      | Killed Rawn the pandemonium lord
 97804 | Pan      | Found an exit through the horrors of the Abyss.
 98099 | Pan      | Entered the realm of Lom Lobon.
 98099 | Pan      | Noticed Lom Lobon
 98100 | Pan      | JacquesDerrida: D:
 98107 | Pan      | foonesh: yeah.
 98175 | Pan      | Killed Lom Lobon
 98175 | Pan      | Reached skill level 10 in Translocations
 98176 | Pan      | JacquesDerrida: He-he
 98311 | Pan      | Got a magical rune of Zot
 99413 | Pan      | Found an exit through the horrors of the Abyss.
 99421 | Pan      | Entered the realm of Cerebov.
 99422 | Pan      | JacquesDerrida: Ouch
 99492 | Pan      | Found an exit through the horrors of the Abyss.
 99988 | Pan      | Got a steaming bronze ring
 99993 | Pan      | Identified the ring "Fiun" {Hunger+ +Fly Str+3 Dam-2} (You found it in Pandemonium)
100027 | Pan      | Got a warped bronze ring
100029 | Pan      | Identified the ring "Soriybuh" {SustAb +Blink MR+ Dam+3} (You found it in Pandemonium)
100103 | Pan      | Got a steaming sapphire amulet
100111 | Pan      | Identified the amulet "Feupn" {rMut rF+ Str+1 Stlth+} (You found it in Pandemonium)
100203 | Pan      | Identified Shevus' Papyrus of Conjuration and Stones
100291 | Pan      | Reached skill level 1 in Traps
100361 | Pan      | Noticed Cerebov
100863 | Pan      | Killed Cerebov
100868 | Pan      | Gained mutation: You have a pair of small horns on your head. [a cacodemon]
101687 | Pan      | Got a fiery rune of Zot
101964 | Pan      | Entered the realm of Mnoleg.
102311 | Pan      | Reached skill level 10 in Air Magic
102370 | Pan      | Reached skill level 15 in Spellcasting
102472 | Pan      | Noticed Mnoleg
102483 | Pan      | Paralysed by a giant eyeball for 4 turns
102493 | Pan      | Paralysed by a giant eyeball for 2 turns
102508 | Pan      | Killed Mnoleg
102793 | Pan      | Got a glowing rune of Zot
103196 | Pan      | Paralysed by a potion of paralysis for 3 turns
103594 | Pan      | Noticed Ohanum the pandemonium lord
103649 | Pan      | Killed Ohanum the pandemonium lord
103846 | D:22     | Escaped Pandemonium
103862 | D:21     | Upgraded the game from 0.13-a0-2450-ga447c6a to 0.13-a0-2474-g552a472
103862 | D:21     | Upgraded the game from 0.13-a0-2474-g552a472 to 0.13-a0-2484-gc765b08
104079 | Lair:1   | Lost mutation: You tend to lose your temper in combat. [potion of cure mutation]
104079 | Lair:1   | Lost mutation: You have a pair of small horns on your head. [potion of cure mutation]
104102 | Lair:1   | Learned a level 7 spell: Controlled Blink
104389 | Pan      | Entered Pandemonium
104573 | Pan      | Reached skill level 1 in Evocations
104582 | Pan      | Noticed Loptegh the pandemonium lord
104615 | Pan      | Killed Loptegh the pandemonium lord
104806 | Pan      | Got a slimy zirconium amulet
104809 | Pan      | Identified the amulet of Vehumet's Regard {+Rage Dex+2 Acc+3} (You found it in Pandemonium)
104855 | Pan      | Noticed Woyc the pandemonium lord
104879 | Pan      | Entered the realm of Gloorx Vloq.
105186 | Pan      | Reached skill level 5 in Evocations
106130 | Pan      | Noticed Gloorx Vloq
106158 | Pan      | Quit the game

Action                   |  1- 3 |  4- 6 |  7- 9 | 10-12 | 13-15 | 16-18 | 19-21 | 22-24 | 25-27 || total
-------------------------+-------+-------+-------+-------+-------+-------+-------+-------+-------++-------
Melee: Short sword       |   128 |   144 |       |       |       |       |       |       |       ||   272
       Dagger            |       |   140 |   193 |   146 |     7 |       |       |       |       ||   486
       Great mace        |       |       |       |       |     1 |       |       |       |       ||     1
       Unarmed           |       |       |       |       |       |       |     2 |       |       ||     2
 Fire: Bow               |     4 |    45 |   227 |   543 |    57 |       |       |       |       ||   876
       Blowgun           |       |       |    12 |    30 |       |       |       |       |       ||    42
       Longbow           |       |       |       |   325 |  1554 |   390 |  2531 |  3265 |  3757 || 11822
 Cast: Inner Flame       |       |       |       |       |    17 |       |       |       |       ||    17
       Repel Missiles    |       |       |       |       |    12 |     3 |    54 |    53 |     1 ||   123
       Cause Fear        |       |       |       |       |     1 |       |       |     8 |     1 ||    10
       Silence           |       |       |       |       |     9 |     9 |     1 |     8 |     3 ||    30
       Swiftness         |       |       |       |       |     4 |     3 |     9 |     6 |     8 ||    30
       Mass Confusion    |       |       |       |       |       |       |    11 |    11 |       ||    22
       Haste             |       |       |       |       |       |       |     4 |    24 |    42 ||    70
       Control Teleport  |       |       |       |       |       |       |       |     2 |    12 ||    14
       Invisibility      |       |       |       |       |       |       |       |     2 |       ||     2
       Deflect Missiles  |       |       |       |       |       |       |       |    26 |    38 ||    64
       Phase Shift       |       |       |       |       |       |       |       |     3 |    16 ||    19
       Blink             |       |       |       |       |       |       |       |       |    11 ||    11
       Portal Projectile |       |       |       |       |       |       |       |       |    26 ||    26
       Controlled Blink  |       |       |       |       |       |       |       |       |     1 ||     1
Invok: Heroism           |       |       |       |     2 |     6 |     3 |     9 |     3 |     2 ||    25
       Finesse           |       |       |       |       |       |       |       |       |     1 ||     1
       Cleansing Flame   |       |       |       |       |       |       |       |       |    13 ||    13
       Summon Divine War |       |       |       |       |       |       |       |       |    11 ||    11
       Divine Shield     |       |       |       |       |       |       |       |       |     1 ||     1
 Abil: Evoke Flight      |       |       |       |       |     1 |       |     1 |       |     1 ||     3
       Stop Flying       |       |       |       |       |       |       |     1 |       |     2 ||     3
Evoke: Wand              |       |     1 |    16 |     6 |    12 |     5 |     3 |    13 |     7 ||    63
       Rod               |       |       |       |       |     6 |     1 |     3 |     3 |       ||    13
  Use: Scroll            |       |     2 |     7 |     5 |    16 |    22 |    28 |    35 |    43 ||   158
       Potion            |       |       |       |    13 |    19 |     6 |    11 |    11 |    16 ||    76
 Stab: Sleeping          |       |       |       |     1 |       |       |       |       |       ||     1
